 Dungeon Crawl Stone Soup version 0.26.1-11-gd32895ea62 (webtiles) character file.

Game seed: 17546364255360931807

290925 jlumianski the End of an Era (level 20, -6/150 (159) HPs)
             Began as a Gnoll Warper on July 10, 2021.
             Was the Champion of Qazlal.
             Killed from afar by a deep elf death mage (40 damage)
             ... with a bolt of negative energy
             ... on level 3 of the Elven Halls on July 11, 2021.
             The game lasted 06:38:11 (54451 turns).

jlumianski the End of an Era (Gnoll Warper)        Turns: 54451, Time: 06:38:14

HP:   -6/150 (159)  AC: 20    Str: 16    XL:     20   Next: 76%
MP:   19/38         EV: 21    Int: 22    God:    Qazlal [******]
Gold: 1208          SH: 24    Dex: 18    Spells: 20/47 levels left

rFire    + . .     SeeInvis +   E - +7 sceptre of Torment {pain, torment}
rCold    + + .     Faith    .   B - +3 buckler
rNeg     . . .     Spirit   .   P - +2 ring mail {rC+}
rPois    .         Reflect  +   q - +2 helmet
rElec    .         Harm     .   y - scarf {rC+ rF+}
rCorr    .         Rampage  .   I - +2 pair of gloves {Dex+3}
Will     +....                  u - +2 pair of boots {Fly}
Stlth    ++........             D - amulet of reflection
HPRegen  0.35/turn              t - ring of see invisible
MPRegen  0.26/turn              T - +4 ring of protection (curse)

@: corroded, flying, drained, repel missiles
A: distributed training, fangs 1, talons 1, strong nose
}: 2/15 runes: serpentine, barnacled
a: Stop Flying, Renounce Religion, Upheaval, Elemental Force, Disaster Area


You were on level 3 of the Elven Halls.
You worshipped Qazlal.
Qazlal was exalted by your worship.
You visited 7 branches of the dungeon, and saw 35 of its levels.
You also visited: Bailey, Gauntlet and Ice Cave.

You collected 3432 gold pieces.
You spent 2224 gold pieces at shops.

Inventory:

Hand Weapons
 E - the +7 sceptre of Torment (weapon) {pain, torment}
   (You found it on level 4 of the Dungeon)

   In the hands of one skilled in necromantic magic, it inflicts extra damage on
   living creatures.
 H - a +2 quick blade of flaming
Missiles
 c - 9 throwing nets
 e - 15 boomerangs of dispersal
 o - 116 poisoned darts (quivered)
 p - 66 javelins
 x - 106 boomerangs
Armour
 q - a +2 helmet (worn)
 u - a +2 pair of boots of flying (worn)
 y - a scarf of resistance (worn)
 B - a +3 buckler (worn)
 I - a +2 pair of gloves of dexterity (worn)
 N - a +0 buckler of reflection
 P - a +2 ring mail of cold resistance (worn)
Jewellery
 n - an uncursed amulet of guardian spirit
 r - an uncursed amulet of regeneration
 t - a ring of see invisible (left hand)
 z - an uncursed ring of ice
 A - an uncursed ring of protection from cold
 D - an amulet of reflection (around neck)
 K - an uncursed ring of protection from fire
 T - a cursed +4 ring of protection (right hand)
 U - an uncursed ring of poison resistance
 W - an uncursed ring of fire
Wands
 j - a wand of random effects (12)
 m - a wand of digging (6)
 F - a wand of disintegration (14)
 G - a wand of iceblast (16)
 Z - a wand of acid (31)
Scrolls
 b - 6 scrolls of magic mapping
 d - 2 scrolls of blinking
 h - 10 scrolls of identify
 k - 22 scrolls of remove curse
 l - 9 scrolls of fog
 s - 15 scrolls of teleportation
 C - a scroll of silence
 M - 5 scrolls of fear
 R - 2 scrolls of summoning
 Y - a scroll of holy word
Potions
 a - 2 potions of invisibility
 f - 9 potions of heal wounds
 g - 2 potions of cancellation
 i - 5 potions of haste
 v - 13 potions of curing
 w - 2 potions of might
 L - 4 potions of berserk rage
Miscellaneous
 J - a lightning rod (4/4)
 V - a box of beasts
 X - a condenser vane


   Skills:
 + Level 14.2 Fighting
 + Level 13.6 Short Blades
 + Level 13.6 Long Blades
 + Level 14.2 Axes
 + Level 13.6 Maces & Flails
 + Level 13.6 Polearms
 + Level 13.6 Staves
 + Level 13.6 Slings
 + Level 13.6 Bows
 + Level 13.6 Crossbows
 + Level 13.8 Throwing
 + Level 13.8 Armour
 + Level 14.2 Dodging
 + Level 13.6 Stealth
 + Level 13.6 Shields
 + Level 13.6 Unarmed Combat
 + Level 14.3 Spellcasting
 + Level 11.7 Conjurations
 + Level 11.7 Hexes
 + Level 11.7 Summonings
 + Level 11.7 Necromancy
 + Level 12.7 Translocations
 + Level 11.7 Transmutations
 + Level 11.7 Fire Magic
 + Level 11.7 Ice Magic
 + Level 11.7 Air Magic
 + Level 11.7 Earth Magic
 + Level 11.7 Poison Magic
 + Level 14.6 Invocations
 + Level 13.6 Evocations


You had 20 spell levels left.
You knew the following spells:

 Your Spells              Type           Power        Failure   Level
a - Blink                 Tloc           N/A          1%          2
b - Gell's Gravitas       Tloc           32%          1%          3
c - Wereblood             Tmut           61%          1%          2
d - Sticky Flame          Conj/Fire      61%          1%          4
e - Summon Lightning Spi  Summ/Air       61%          1%          4
f - Ignite Poison         Fire/Tmut/Pois 61%          1%          3
g - Olgreb's Toxic Radia  Pois           61%          1%          4
h - Bolt of Magma         Conj/Fire/Erth 30%          1%          5

Your spell library contained the following spells:

 Spells                   Type           Power        Failure   Level
 Animate Skeleton         Necr           100%         1%          1
 Apportation              Tloc           100%         1%          1
 Beastly Appendage        Tmut           100%         1%          1
 Corona                   Hex            67%          1%          1
 Foxfire                  Conj/Fire      100%         1%          1
 Freeze                   Ice            100%         1%          1
 Magic Dart               Conj           100%         1%          1
 Pain                     Necr           100%         1%          1
 Sting                    Tmut/Pois      100%         1%          1
 Summon Small Mammal      Summ           100%         1%          1
 Call Imp                 Summ           61%          1%          2
 Ensorcelled Hibernation  Hex/Ice        100%         1%          2
 Passwall                 Tmut/Erth      50%          1%          2
 Poisonous Vapours        Pois/Air       100%         1%          2
 Searing Ray              Conj           100%         1%          2
 Sublimation of Blood     Necr           30%          1%          2
 Swiftness                Air            61%          1%          2
 Call Canine Familiar     Summ           61%          1%          3
 Confusing Touch          Hex            61%          1%          3
 Conjure Flame            Conj/Fire      61%          1%          3
 Dazzling Flash           Conj/Hex       100%         1%          3
 Inner Flame              Hex/Fire       61%          1%          3
 Lesser Beckoning         Tloc           32%          1%          3
 Mephitic Cloud           Conj/Pois/Air  61%          1%          3
 Spider Form              Tmut/Pois      30%          1%          3
 Stone Arrow              Conj/Erth      100%         1%          3
 Summon Guardian Golem    Hex/Summ       61%          1%          3
 Teleport Other           Tloc           64%          1%          3
 Tukima's Dance           Hex            61%          1%          3
 Vampiric Draining        Necr           30%          1%          3
 Animate Dead             Necr           30%          1%          4
 Hailstorm                Conj/Ice       61%          1%          4
 Ice Form                 Ice/Tmut       61%          1%          4
 Iskenderun's Mystic Bla  Conj/Tloc      62%          1%          4
 Leda's Liquefaction      Hex/Erth       30%          1%          4
 Passage of Golubria      Tloc           N/A          1%          4
 Petrify                  Tmut/Erth      61%          1%          4
 Summon Ice Beast         Ice/Summ       61%          1%          4
 Agony                    Necr           61%          1%          5
 Alistair's Intoxication  Tmut/Pois      40%          1%          5
 Blade Hands              Tmut           30%          1%          5
 Fireball                 Conj/Fire      30%          1%          5
 Irradiate                Conj/Tmut      30%          1%          5
 Lee's Rapid Deconstruct  Erth           30%          1%          5
 Lightning Bolt           Conj/Air       30%          1%          5
 Summon Demon             Summ           30%          1%          5
 Eringya's Noxious Bog    Tmut/Pois      30%          8%          6
 Freezing Cloud           Conj/Ice/Air   30%          8%          6
 Invisibility             Hex            61%          8%          6
 Iron Shot                Conj/Erth      30%          8%          6
 Simulacrum               Ice/Necr       30%          8%          6
 Starburst                Conj/Fire      30%          8%          6
 Statue Form              Tmut/Erth      40%          8%          6
 Summon Hydra             Summ           30%          38%         7
 Disjunction              Tloc           32%          91%         8
 Ignition                 Fire           30%          97%         8
 Shatter                  Erth           30%          100%        9


Dungeon Overview and Level Annotations

Branches:
Dungeon (15/15)            Temple (1/1) D:7            Lair (6/6) D:9
 Shoals (4/4) Lair:4        Snake (4/4) Lair:4        Slime (0/5) Lair:6
    Orc (2/2) D:11            Elf (3/3) Orc:2        Vaults (0/5) D:14
 Depths (0/5) D:15         Bailey (visited)           IceCv (visited)
Gauntlet (visited)

Altars:
Ashenzari
Cheibriados
Dithmenos
Elyvilon
Fedhas
Gozag
Hepliaklqana
Kikubaaqudgha
Makhleb
Nemelex Xobeh
Okawaru
Qazlal
Ru
Sif Muna
Trog
Uskayaw
Vehumet
Wu Jian
Xom
Yredelemnul
Zin
The Shining One
Beogh

Shops:
D:5 [   D:7 :   Orc:2 !}(*!?   Shoals:1 *(:([   Shoals:2 *   Snake:3 ((}

Annotations:
Shoals:3 exclusion: orange crystal statue
Snake:2 1 transporter


Innate Abilities, Weirdness & Mutations

Your experience applies equally to all skills.
You have very sharp teeth.
Your uncanny sense of smell can sniff out nearby items.
You have sharp toenails.


Message History

The lost soul is engulfed in freezing vapours.
The deep elf annihilator casts a spell.
The deep elf annihilator blinks!
The deep elf sorcerer gestures at you while chanting.
The bolt of acid hits you!
* * * LOW HITPOINT WARNING * * *
You are splashed with acid!
* * * LOW HITPOINT WARNING * * *
The crawling corpse is engulfed in freezing vapours.
The deep elf annihilator gestures at you while chanting.
The bolt of lightning misses you. x2
There is an open door here.
You hear a shout! x2
The deep elf sorcerer casts a spell.
The deep elf sorcerer seems to speed up.
The deep elf death mage gestures at you while chanting.
The bolt of negative energy hits the crawling corpse.
The crawling corpse completely resists.
The bolt of negative energy hits you!!!
You feel drained.
You die...

#...#..####'############..#...'..
#...#..#...............#..#..)#..
#...#..#...............#..#...#..
#...#..#########'#######..#...#..
#...#... .................'...#..
#...#... .................#...# .
#...####################'##...# .
#................☼☼...........#
'...............@.°.)).)).....# .
#...######'#######'########...#..
#...#.........e...○.§.....#...#..
#...#..............*x.e...#...#..
#...#................e...x....#..
#...#....................)....'..
#...#.........................#..
#...#.....................#(..#..
+...#..................)..#...#..


You could see a deep elf death mage, a deep elf sorcerer (fast) and a crawling
corpse.

Vanquished Creatures
  Vashnia (Snake:4)
  An Ice Fiend (IceCv)
  Jorgrun (Lair:4)
  A deep elf blademaster (Elf:2)
  2 krakens (Shoals:1)
  Agnes (Snake:1)
  Donald (Shoals:4)
  13 nagarajas
  Roxanne (Snake:1)
  Kirke (Lair:4)
  An orc warlord (Orc:2)
  2 deep elf sorcerers
  The ghost of dtburroughs the Fighter, a journeyman MiBe of Trog (Lair:6)
  A deep elf elementalist (Elf:3)
  A stone giant (Orc:2)
  Nessos (Lair:5)
  A deep elf demonologist (Elf:2)
  11 merfolk impalers
  5 merfolk javelineers
  3 boulder beetles
  Fannar (Lair:2)
  24 naga warriors
  Erolcha (D:10)
  5 vault guards (D:14)
  A yaktaur captain (D:15)
  10 hydras
  2 merfolk avatars
  An alligator (Lair:6)
  5 centaur warriors
  A death knight (D:12)
  A catoblepas (Lair:6)
  4 alligator snapping turtles
  18 dancing weapons
  2 satyrs
  7 anacondas
  5 two-headed ogres
  8 merfolk aquamancers
  6 death yaks
  23 naga sharpshooters
  2 tengu warriors (D:15)
  Urug (Lair:1)
  2 ogre magi
  6 shock serpents
  An orc high priest (Orc:2)
  Sonja (Lair:2)
  15 deep elf knights
  A goliath frog (shapeshifter) (D:12)
  12 sea snakes
  2 unseen horrors
  A wizard (D:14)
  5 naga ritualists
  3 large abominations (Gauntlet)
  4 deep elf archers
  18 harpies
  A necromancer (Gauntlet)
  6 orc knights
  A wolf spider zombie (D:14)
  2 ugly things
  2 mana vipers (Snake:1)
  13 fauns
  15 elephants
  3 orc sorcerers
  7 salamanders
  6 manticores
  5 cyclopes
  55 deep elf magi
  7 merfolk sirens
  2 centaur zombies
  27 black mambas
  7 guardian serpents
  An ice statue (IceCv)
  23 cane toads
  14 naga magi
  5 water nymphs
  9 komodo dragons
  A rime drake (Lair:5)
  6 freezing wraiths
  6 ice devils (IceCv)
  A golden dragon simulacrum (IceCv)
  A tengu conjurer (D:14)
  2 yaktaurs
  4 anaconda simulacra (IceCv)
  A redback zombie (D:13)
  6 polar bears
  A meliai (shapeshifter) (Elf:3)
  45 merfolk
  5 trolls
  3 tyrant leeches (Lair:6)
  7 wind drakes
  12 dream sheep
  A harpy skeleton (D:15)
  2 slime creatures
  26 blink frogs
  12 snapping turtles
  A meliai zombie (D:13)
  Sigmund (D:3)
  2 shadows (D:12)
  A vampire (D:6)
  2 wyverns
  2 wraiths
  11 water elementals
  3 dire elephant simulacra (IceCv)
  4 fire elementals
  2 hogs (Lair:4)
  4 basilisks
  32 yaks
  A steam dragon (D:10)
  A death yak simulacrum (IceCv)
  6 vampire mosquitoes
  2 iron troll simulacra (IceCv)
  5 wargs
  4 harpy simulacra (IceCv)
  3 acid dragons
  60 nagas
  5 water moccasins
  2 hydra simulacra (IceCv)
  3 ice beasts
  5 sky beasts
  3 ettin simulacra (IceCv)
  3 phantoms
  5 black bears
  2 eyes of draining
  12 ogres
  48 orc warriors
  31 centaurs
  17 wolves
  5 small abominations (Gauntlet)
  A big kobold (D:14)
  Blork the orc (D:5)
  18 bullfrogs
  2 earth elementals (Elf:3)
  4 scorpions
  A wyvern skeleton (D:12)
  10 killer bees
  11 wights
  A howler monkey (D:12)
  3 electric eels
  5 draconian simulacra (IceCv)
  18 orc priests
  A gnoll shaman (D:5)
  4 hounds
  A quasit (D:6)
  4 bullfrog skeletons
  6 jellies
  5 centaur skeletons
  22 orc wizards
  12 worker ants
  A troll simulacrum (IceCv)
  3 centaur simulacra
  Robin (D:2)
  8 gnolls
  8 adders
  2 howler monkey skeletons
  2 naga simulacra (IceCv)
  2 ogre simulacra (IceCv)
  2 shadow imps
  9 white imps
  An ooze (D:6)
  14 ufetubi
  An adder zombie (D:9)
  4 worms
  2 dart slugs
  4 leopard geckos
  102 orcs
  A ball python (D:3)
  8 bats
  4 giant cockroaches
  17 goblins
  7 hobgoblins
  4 iguanas
  11 jackals
  10 kobolds
  5 quokkas
  2 frilled lizards
  2 leopard gecko zombies
  A quokka skeleton (D:7)
  8 rats
  A butterfly (Lair:2)
  8 tentacles (Shoals:1)
1275 creatures vanquished.

Vanquished Creatures (collateral kills)
  A nagaraja (Snake:4)
  A minotaur (Gauntlet)
  A merfolk javelineer (Shoals:2)
  A merfolk impaler (Shoals:4)
  A hydra (Lair:4)
  5 naga warriors
  2 death yaks (Gauntlet)
  A death knight (D:15)
  A dancing weapon (Elf:2)
  4 naga sharpshooters
  A naga ritualist (Snake:4)
  3 deep elf magi
  An orc sorcerer (Orc:2)
  2 fauns
  A merfolk siren (Shoals:2)
  A cane toad (Lair:6)
  2 guardian serpents (Snake:4)
  A torpor snail (Gauntlet)
  3 naga magi (Snake:4)
  A merfolk (Shoals:1)
  A tyrant leech (Lair:6)
  A vampire mosquito (Lair:6)
  A warg (Orc:1)
  2 water moccasins (Lair:6)
  12 nagas
  4 orc warriors
  2 ogres
  2 centaurs (Orc:2)
  2 bullfrogs (Lair:6)
  2 wights (D:15)
  A jelly (Lair:6)
  An orc wizard (Orc:1)
  2 gnolls (Orc:1)
  10 orcs
77 creatures vanquished.

Vanquished Creatures (others)
  A deep elf mage (Elf:2)
  3 manticores
  2 naga magi
  An air elemental (Elf:2)
  A human (Snake:1)
  2 nagas (Snake:4)
  14 fungi
  171 plants
  14 tentacles (Shoals:1)
209 creatures vanquished.

Grand Total: 1561 creatures vanquished

Notes
Turn   | Place    | Note
-------+----------+-------------------------------------------
     0 | D:1      | jlumianski the Gnoll Warper began the quest for the Orb.
     0 | D:1      | Reached XP level 1. HP: 20/20 MP: 6/6
   216 | D:1      | Reached XP level 2. HP: 22/26 MP: 7/7
   242 | D:1      | Learned a level 2 spell: Blink
  1248 | D:2      | Reached XP level 3. HP: 28/31 MP: 9/9
  1252 | D:2      | Learned a level 3 spell: Gell's Gravitas
  1299 | D:2      | Reached skill level 5 in Spellcasting
  1571 | D:2      | Reached skill level 1 in Invocations
  1808 | D:2      | Reached skill level 1 in Short Blades
  1808 | D:2      | Reached skill level 1 in Long Blades
  1808 | D:2      | Reached skill level 1 in Maces & Flails
  1808 | D:2      | Reached skill level 1 in Polearms
  1808 | D:2      | Reached skill level 1 in Staves
  1808 | D:2      | Reached skill level 1 in Slings
  1808 | D:2      | Reached skill level 1 in Bows
  1808 | D:2      | Reached skill level 1 in Crossbows
  1808 | D:2      | Reached skill level 1 in Stealth
  1808 | D:2      | Reached skill level 1 in Shields
  1808 | D:2      | Reached skill level 1 in Unarmed Combat
  1808 | D:2      | Reached skill level 1 in Evocations
  1892 | D:2      | Reached XP level 4. HP: 16/38 MP: 11/11
  2387 | D:2      | Found an ornate altar of the Wu Jian Council.
  2393 | D:2      | Noticed a spectral centipede
  2393 | D:2      | Noticed a spectral black mamba
  2393 | D:2      | Noticed a spectral cane toad
  2710 | D:2      | Reached skill level 1 in Conjurations
  2710 | D:2      | Reached skill level 1 in Hexes
  2710 | D:2      | Reached skill level 1 in Summonings
  2710 | D:2      | Reached skill level 1 in Necromancy
  2710 | D:2      | Reached skill level 1 in Transmutations
  2710 | D:2      | Reached skill level 1 in Fire Magic
  2710 | D:2      | Reached skill level 1 in Ice Magic
  2710 | D:2      | Reached skill level 1 in Air Magic
  2710 | D:2      | Reached skill level 1 in Earth Magic
  2710 | D:2      | Reached skill level 1 in Poison Magic
  2774 | D:3      | Noticed Robin
  2843 | D:2      | Killed Robin
  2914 | D:2      | Reached XP level 5. HP: 39/43 MP: 12/12
  3204 | D:3      | Noticed Sigmund
  3219 | D:3      | Killed Sigmund
  3220 | D:3      | Reached skill level 5 in Fighting
  3220 | D:3      | Reached skill level 5 in Axes
  3220 | D:3      | Reached skill level 5 in Dodging
  3220 | D:3      | Reached XP level 6. HP: 43/51 MP: 10/14
  3473 | D:3      | Found a shimmering altar of Xom.
  3583 | D:3      | Found a glowing silver altar of Zin.
  3693 | D:3      | Found a hazy altar of Hepliaklqana.
  3974 | D:4      | Found a basalt altar of Yredelemnul.
  3982 | D:4      | Reached XP level 7. HP: 56/56 MP: 15/15
  4209 | D:4      | Found the +7 sceptre of Torment {pain, torment}
  4819 | D:5      | Entered Level 5 of the Dungeon
  4924 | D:5      | Noticed Blork the orc
  4935 | D:5      | Killed Blork the orc
  5546 | D:5      | Found Filla's Armour Shoppe.
  5857 | D:5      | Reached XP level 8. HP: 57/63 MP: 16/16
  6882 | D:6      | Noticed a vampire
  6910 | D:6      | Killed a vampire
  7377 | D:6      | Reached XP level 9. HP: 31/69 MP: 10/18
  7863 | D:7      | Found Pugeum's Book Shoppe.
  8019 | D:7      | Learned a level 2 spell: Wereblood
  8057 | D:7      | Found a sacrificial altar of Ru.
  8136 | D:7      | Reached skill level 5 in Throwing
  8136 | D:7      | Reached skill level 5 in Armour
  8226 | D:7      | Found a staircase to the Ecumenical Temple.
  8238 | Temple   | Entered the Ecumenical Temple
  8949 | D:8      | Found a stormy altar of Qazlal.
  8956 | D:8      | Became a worshipper of Qazlal Stormbringer
  9102 | D:8      | Reached skill level 5 in Invocations
  9130 | D:8      | Identified the +10 spear of Soivy {pain, MP+9}
  9155 | D:8      | Reached * piety under Qazlal
  9164 | D:8      | Found a hide-covered altar of Uskayaw.
  9492 | D:8      | Found a flagged portal.
  9507 | Bailey   | Entered a bailey
  9920 | Bailey   | Noticed an orc knight
 10253 | Bailey   | Killed an orc knight
 10254 | Bailey   | Reached XP level 10. HP: 77/77 MP: 3/20
 10383 | Bailey   | Reached skill level 5 in Short Blades
 10383 | Bailey   | Reached skill level 5 in Long Blades
 10383 | Bailey   | Reached skill level 5 in Maces & Flails
 10383 | Bailey   | Reached skill level 5 in Polearms
 10383 | Bailey   | Reached skill level 5 in Staves
 10383 | Bailey   | Reached skill level 5 in Slings
 10383 | Bailey   | Reached skill level 5 in Bows
 10383 | Bailey   | Reached skill level 5 in Crossbows
 10383 | Bailey   | Reached skill level 5 in Stealth
 10383 | Bailey   | Reached skill level 5 in Shields
 10383 | Bailey   | Reached skill level 5 in Unarmed Combat
 10383 | Bailey   | Reached skill level 5 in Evocations
 10698 | D:8      | Found an iron altar of Okawaru.
 10699 | D:8      | Found a bloodstained altar of Trog.
 11032 | D:9      | Reached ** piety under Qazlal
 11145 | D:9      | Identified the cursed +1 leather armour of the True Pharaoh
                  | {+Fly rElec rC- rN+++} (You found it on level 9 of the
                  | Dungeon)
 11249 | D:9      | Found a burning altar of Makhleb.
 11264 | D:9      | Found a staircase to the Lair.
 11811 | D:10     | Entered Level 10 of the Dungeon
 11811 | D:10     | Noticed a two-headed ogre
 11822 | D:9      | Killed a two-headed ogre
 12060 | D:10     | Reached XP level 11. HP: 84/84 MP: 22/22
 12241 | D:10     | Reached *** piety under Qazlal
 12254 | D:10     | Reached skill level 5 in Conjurations
 12254 | D:10     | Reached skill level 5 in Hexes
 12254 | D:10     | Reached skill level 5 in Summonings
 12254 | D:10     | Reached skill level 5 in Necromancy
 12254 | D:10     | Reached skill level 5 in Transmutations
 12254 | D:10     | Reached skill level 5 in Fire Magic
 12254 | D:10     | Reached skill level 5 in Ice Magic
 12254 | D:10     | Reached skill level 5 in Air Magic
 12254 | D:10     | Reached skill level 5 in Earth Magic
 12254 | D:10     | Reached skill level 5 in Poison Magic
 12257 | D:10     | Noticed Erolcha
 12266 | D:10     | Killed Erolcha
 12803 | D:11     | Noticed a two-headed ogre
 12805 | D:11     | Noticed a cyan ugly thing
 12917 | D:11     | Noticed a six-headed hydra
 12919 | D:11     | Noticed a purple ugly thing
 13234 | D:9      | Killed a six-headed hydra
 13757 | D:10     | Killed a cyan ugly thing
 13760 | D:10     | Killed a two-headed ogre
 14010 | D:9      | Killed a purple ugly thing
 14011 | D:9      | Reached XP level 12. HP: 51/94 MP: 24/24
 14223 | D:11     | Reached **** piety under Qazlal
 14393 | D:11     | Found a staircase to the Orcish Mines.
 15260 | D:12     | Noticed a death knight
 15262 | D:12     | Noticed an ogre mage
 15264 | D:12     | Killed a death knight
 15269 | D:12     | Killed an ogre mage
 16374 | D:12     | Got a bound iron ring
 16386 | D:12     | Learned a level 4 spell: Sticky Flame
 16391 | D:12     | Learned a level 4 spell: Summon Lightning Spire
 16391 | D:12     | Identified the ring of Anarchy {rF- Str+6 Int+3 Stlth+}
                  | (You found it on level 12 of the Dungeon)
 16672 | D:13     | Found an opulent altar of Gozag.
 16745 | D:13     | Found a gate leading to a gauntlet.
 16761 | Gauntlet | Entered a Gauntlet
 16761 | Gauntlet | Found a transporter.
 16761 | Gauntlet | Found a transporter.
 16761 | Gauntlet | Found a transporter.
 16762 | Gauntlet | Found a transporter.
 16765 | Gauntlet | Found a transporter.
 16765 | Gauntlet | Found a transporter.
 16767 | Gauntlet | Noticed a death yak
 16768 | Gauntlet | Noticed a death yak
 16770 | Gauntlet | Noticed a death yak
 16776 | Gauntlet | Noticed a hell hog
 16788 | Gauntlet | Found a transporter.
 16792 | Gauntlet | Found a transporter.
 16806 | Gauntlet | Noticed a dire elephant
 16810 | Gauntlet | Found a transporter.
 16813 | Gauntlet | Found a transporter.
 16813 | Gauntlet | Found a transporter.
 16818 | Gauntlet | Found a transporter.
 16918 | Gauntlet | Killed a death yak
 16923 | Gauntlet | Killed a death yak
 16926 | Gauntlet | Killed a death yak
 16949 | Gauntlet | Got a dazzling cloak
 16960 | Gauntlet | Identified the cursed -3 cloak of the Harvest {Dex+7} (You
                  | found it in a Gauntlet)
 16984 | Gauntlet | Reached XP level 13. HP: 83/101 MP: 20/26
 17056 | Gauntlet | Noticed a minotaur
 17064 | Gauntlet | Killed a minotaur
 17092 | Gauntlet | Found the +10 tower shield of Ignorance {rN+ Int-4}
 17102 | Gauntlet | Identified Sif Muna's Papyrus of Translocation
 17105 | Gauntlet | Identified the Handbook of the Supportive Volcanoes
 17263 | Lair:1   | Entered Level 1 of the Lair of Beasts
 17528 | D:13     | Learned a level 3 spell: Ignite Poison
 17576 | D:13     | Learned a level 4 spell: Olgreb's Toxic Radiance
 18412 | D:14     | Reached ***** piety under Qazlal
 18511 | D:14     | Noticed a vault guard
 18515 | D:14     | Noticed a vault guard
 18519 | D:14     | Noticed a vault guard
 18538 | D:14     | Killed a vault guard
 18678 | D:14     | Killed a vault guard
 18714 | D:14     | Noticed a vault guard
 18715 | D:14     | Noticed a vault guard
 18723 | D:14     | Killed a vault guard
 18725 | D:14     | Killed a vault guard
 18745 | D:14     | Reached skill level 10 in Spellcasting
 18747 | D:14     | Found a gate to the Vaults.
 18787 | D:14     | Killed a vault guard
 19190 | D:15     | Entered Level 15 of the Dungeon
 19238 | D:15     | Reached XP level 14. HP: 94/109 MP: 28/28
 19268 | D:15     | Found a staircase to the Depths.
 19451 | D:15     | Reached skill level 10 in Fighting
 19451 | D:15     | Reached skill level 10 in Axes
 19451 | D:15     | Reached skill level 10 in Dodging
 19756 | D:15     | Gained mutation: Your muscles are strong. (Str +2) [potion
                  | of mutation]
 19756 | D:15     | Lost mutation: Your muscles are strong. (Str +2) [potion of
                  | mutation]
 19756 | D:15     | Gained mutation: You have sharp toenails. [potion of
                  | mutation]
 21275 | Lair:1   | You fall into a shaft and drop 1 floor!
 21286 | Lair:2   | Reached skill level 10 in Invocations
 21287 | Lair:2   | Noticed Fannar
 21299 | Lair:2   | Killed Fannar
 21621 | Lair:2   | Noticed Sonja
 21628 | Lair:2   | Killed Sonja
 21816 | Lair:2   | You fall into a shaft and drop 2 floors!
 21980 | Lair:1   | Noticed Urug
 21990 | Lair:1   | Killed Urug
 24420 | Lair:4   | Reached skill level 10 in Throwing
 24420 | Lair:4   | Reached skill level 10 in Armour
 24425 | Lair:4   | Reached XP level 15. HP: 94/117 MP: 15/29
 24527 | Lair:4   | Found a staircase to the Shoals.
 24576 | Lair:4   | You fall into a shaft and drop 2 floors!
 24576 | Lair:6   | Entered Level 6 of the Lair of Beasts
 24589 | Lair:5   | Reached ****** piety under Qazlal
 24589 | Lair:5   | Noticed Nessos
 24597 | Lair:5   | Killed Nessos
 24757 | Lair:5   | Reached skill level 10 in Translocations
 25944 | Lair:4   | Got a glimmering morningstar
 25945 | Lair:4   | Identified the +5 morningstar of Turmoil {drain, Str+2
                  | Int-4 Stlth+} (You found it on level 4 of the Lair of
                  | Beasts)
 25991 | Lair:4   | Found a staircase to the Snake Pit.
 26667 | Lair:6   | Reached skill level 10 in Short Blades
 26667 | Lair:6   | Reached skill level 10 in Long Blades
 26667 | Lair:6   | Reached skill level 10 in Maces & Flails
 26667 | Lair:6   | Reached skill level 10 in Polearms
 26667 | Lair:6   | Reached skill level 10 in Staves
 26667 | Lair:6   | Reached skill level 10 in Slings
 26667 | Lair:6   | Reached skill level 10 in Bows
 26667 | Lair:6   | Reached skill level 10 in Crossbows
 26667 | Lair:6   | Reached skill level 10 in Stealth
 26667 | Lair:6   | Reached skill level 10 in Shields
 26667 | Lair:6   | Reached skill level 10 in Unarmed Combat
 26667 | Lair:6   | Reached skill level 10 in Evocations
 26969 | Lair:6   | Found a transporter.
 26969 | Lair:6   | Noticed dtburroughs's ghost (journeyman MiBe)
 27556 | Lair:6   | Identified the Collected Works on Congealing Heat
 27814 | Lair:6   | Found a staircase to the Slime Pits.
 28004 | Lair:6   | Found a transporter.
 28323 | Lair:6   | Killed dtburroughs's ghost
 28591 | Shoals:1 | Entered Level 1 of the Shoals
 28591 | Shoals:1 | Found Aleryhek's Antique Armour Boutique.
 28598 | Shoals:1 | Reached XP level 16. HP: 125/125 MP: 17/31
 29306 | Shoals:1 | Found Vilokatt's Book Emporium.
 29506 | Lair:4   | Learned a level 5 spell: Bolt of Magma
 29563 | Shoals:1 | Found Guehecyf's Antique Weapon Shoppe.
 29614 | Shoals:1 | Noticed a kraken
 29915 | Shoals:1 | Killed a kraken
 30154 | Shoals:1 | Found Liuwui's Weapon Shoppe.
 30190 | Shoals:1 | Noticed a kraken
 30221 | Shoals:1 | Killed a kraken
 30620 | Shoals:1 | Found Atsisin's Assorted Antiques.
 30635 | Shoals:1 | Bought a scroll of enchant weapon for 217 gold pieces
 30817 | Shoals:2 | Found Uzyskem's Assorted Antiques.
 30882 | Shoals:2 | Found a frozen archway.
 30902 | IceCv    | Entered an ice cave
 31278 | IceCv    | HP: 3/127 [golden dragon simulacrum (6)]
 32177 | IceCv    | Noticed an Ice Fiend
 32192 | IceCv    | Killed an Ice Fiend
 32571 | IceCv    | Got a jewelled spear
 32572 | IceCv    | Identified the +8 spear of Ebak Zof {flame, Will+ Dex+2}
                  | (You found it in an ice cave)
 33350 | Shoals:2 | HP: 4/127 [merfolk javelineer/silver javelin (6)]
 33798 | Shoals:2 | Reached XP level 17. HP: 60/133 MP: 24/33
 35849 | Shoals:3 | Identified the +8 short sword "Ykkieblo" {vorpal, +Rage
                  | rF++}
 35849 | Shoals:3 | Identified the amulet of Haqys {Faith rN+ Int+4}
 35881 | Shoals:3 | Found a transporter.
 35919 | Shoals:3 | Found a transporter.
 36240 | Shoals:3 | Identified the +7 falchion "Rocoz" {flame, Will+ Str+2
                  | Int+2} (You found it on level 3 of the Shoals)
 37045 | Shoals:4 | Entered Level 4 of the Shoals
 37903 | Shoals:3 | Reached skill level 10 in Conjurations
 37903 | Shoals:3 | Reached skill level 10 in Hexes
 37903 | Shoals:3 | Reached skill level 10 in Summonings
 37903 | Shoals:3 | Reached skill level 10 in Necromancy
 37903 | Shoals:3 | Reached skill level 10 in Transmutations
 37903 | Shoals:3 | Reached skill level 10 in Fire Magic
 37903 | Shoals:3 | Reached skill level 10 in Ice Magic
 37903 | Shoals:3 | Reached skill level 10 in Air Magic
 37903 | Shoals:3 | Reached skill level 10 in Earth Magic
 37903 | Shoals:3 | Reached skill level 10 in Poison Magic
 38334 | Shoals:4 | Noticed Donald
 38349 | Shoals:4 | Killed Donald
 38856 | Shoals:4 | Got a barnacled rune of Zot
 39152 | Shoals:4 | Identified the Volume of Torrid Attacks
 39695 | Snake:1  | Entered Level 1 of the Snake Pit
 39698 | Snake:1  | Noticed Jorgrun
 39708 | Snake:1  | Noticed Kirke
 40076 | Lair:4   | Killed Jorgrun
 40195 | Lair:4   | Killed Kirke
 40196 | Lair:4   | Reached XP level 18. HP: 142/142 MP: 34/34
 40692 | Snake:1  | Noticed Agnes
 40701 | Snake:1  | Killed Agnes
 41115 | Snake:1  | Noticed Roxanne
 41147 | Snake:1  | Killed Roxanne
 41347 | Snake:1  | Found a stormy altar of Qazlal.
 41743 | Snake:2  | Found a transporter.
 41747 | Snake:2  | Found a shimmering blue altar of Sif Muna.
 41867 | Snake:2  | Identified the cursed +1 glaive "Death Rattle" {freeze,
                  | rPois Str+3 Int+9}
 43514 | Snake:3  | Found Nir Tygo's Gadget Boutique.
 43514 | Snake:3  | Found Jaubluk's Weapon Shop.
 43515 | Snake:3  | Found Cyzo's Weapon Boutique.
 43671 | Snake:3  | Bought a wand of acid (7) for 352 gold pieces
 43916 | Snake:4  | Entered Level 4 of the Snake Pit
 44332 | Snake:4  | Noticed Vashnia
 44680 | Snake:3  | Reached XP level 19. HP: 64/149 MP: 12/36
 46060 | Snake:4  | Killed Vashnia
 47055 | Snake:4  | Got a serpentine rune of Zot
 48791 | Orc:1    | Entered Level 1 of the Orcish Mines
 49169 | Orc:2    | Entered Level 2 of the Orcish Mines
 49369 | Orc:2    | Found Uphitix's Distillery.
 49392 | Orc:2    | Bought a potion of heal wounds for 85 gold pieces
 49442 | Orc:2    | Found Quap's Gadget Shop.
 49442 | Orc:2    | Found Fell's Weapon Shoppe.
 49442 | Orc:2    | Found Ciptog's Assorted Antiques.
 49445 | Orc:2    | Found Qiol Reu's Distillery.
 49453 | Orc:2    | Bought 2 potions of heal wounds for 180 gold pieces
 49453 | Orc:2    | Bought 2 potions of heal wounds for 180 gold pieces
 49455 | Orc:2    | Bought a wand of acid (14) for 468 gold pieces
 49458 | Orc:2    | Bought a potion of heal wounds for 130 gold pieces
 49458 | Orc:2    | Bought a scroll of enchant armour for 195 gold pieces
 49458 | Orc:2    | Bought a scroll of enchant armour for 195 gold pieces
 49571 | Orc:2    | Found a roughly hewn altar of Beogh.
 49670 | Orc:2    | Found Kilid's Magic Scroll Shoppe.
 49677 | Orc:2    | Bought a scroll of amnesia for 42 gold pieces
 49677 | Orc:2    | Bought a scroll of enchant weapon for 90 gold pieces
 49677 | Orc:2    | Bought a scroll of enchant weapon for 90 gold pieces
 49725 | Orc:2    | Found a staircase to the Elven Halls.
 50256 | Elf:1    | Entered Level 1 of the Elven Halls
 50307 | Elf:1    | Reached XP level 20. HP: 144/158 MP: 28/37
 50900 | Elf:1    | Identified the Grimoire of Conjuration and the Escort
 51342 | Elf:2    | Identified the +7 hand axe of Mana {protect, Dex+4}
 51550 | Elf:2    | Found a huge runed translucent gate.
 51551 | Elf:2    | Found a huge runed translucent gate.
 51551 | Elf:2    | Found a huge runed translucent gate.
 51570 | Elf:2    | Found a huge runed translucent gate.
 51570 | Elf:2    | Found a huge runed translucent gate.
 52022 | Elf:2    | Identified the cursed +1 flail of the Swamp {vorpal, +Inv
                  | Stlth+} (You found it on level 2 of the Elven Halls)
 53811 | Elf:3    | Entered Level 3 of the Elven Halls
 54451 | Elf:3    | Killed from afar by a deep elf death mage

Illustrated notes

Levels and vault maps discovered:
D:1:      dpeg_arrival_refuge, layout_basic
D:2:      layout_basic, pdpol_wu_jian_five_deadly_venoms, serial_forest,
          infiniplex_forest_corner_1, infiniplex_forest_end_2,
          infiniplex_forest_clump_double, infiniplex_forest_diagonal,
          infiniplex_forest_zigzag_1
D:3:      layout_basic, lemuel_coloured_pillars_altar,
          nzn_hepliaklqana_mist_gate, dk_xom_monty_hall, uniq_sigmund,
          uniq_robin
D:4:      layout_basic, lemuel_round_altar, serial_rivers,
          chequers_serial_rivers_large_b, chequers_serial_rivers_micro_c,
          chequers_serial_rivers_micro_a, chequers_serial_rivers_small_b,
          chequers_serial_rivers_room_b, chequers_serial_rivers_micro_a,
          ebering_dispersal_statue_hall
D:5:      layout_cave_pods, serial_shops, nicolae_shop_trees, uniq_blork_the_orc
D:6:      layout_basic, solitary_fountain, hangedman_decor_slide_cut
D:7:      layout_basic, kennysheep_little_box, temple_doors_e, serial_shops,
          shop_statue
D:8:      layout_rooms, grunt_temple_overflow_bloody_war,
          nicolae_qazlal_style_of_elements, basic_altar, enter_bailey_2
D:9:      layout_irregular_city, marbit_many_paths, erik_lair_orcish_takeover
D:10:     layout_big_octagon, uniq_erolcha
D:11:     layout_cave_pools, orc_0_dummy, minmay_between
D:12:     layout_grid_maze, minmay_evil_grid
D:13:     layout_stronghold, gauntlet_entry_generic, grunt_gozag_breadcrumbs
D:14:     layout_rooms, grunt_vaults_entry_fortified,
          kennysheep_decorative_pillar
D:15:     grunt_enter_depths_snipers, layout_stronghold
Temple:   nicolae_temple_figure_eight
Lair:1:   layout_cave_pods, serial_bayou_shore_b, grunt_megastairs_3,
          lemuel_fruit_fields, uniq_urug
Lair:2:   layout_cave_pods, guppyfry_lair_drakes, grunt_megastairs_5,
          serial_bayou_shore_a, lemuel_fruit_fields, lemuel_fruit_tree,
          serial_bayou_shore_b, uniq_sonja, uniq_fannar
Lair:3:   layout_hall_layers
Lair:4:   layout_cave_pods, minmay_shoals_entry_hut, guppyfry_snake_entry_garden
Lair:5:   layout_layer_cave, uniq_nessos
Lair:6:   minmay_lair_end_frog_pond, layout_misc_corridors,
          minmay_slime_entry_pillars, gammafunk_ghost_arena
Shoals:1: layout_shoals, serial_shops, shop, shop, nicolae_shop_crystal, shop,
          nicolae_shop_trees
Shoals:2: layout_shoals, portal_ice_cave_entry_pillars_three, serial_shops,
          nicolae_shop_statue_plus, nicolae_shoals_mertower
Shoals:3: gammafunk_sealed_arena, layout_shoals, nicolae_shoals_aquamancer_cove
Shoals:4: shoals_end_grunt_garden, layout_shoals,
          nicolae_shoals_stone_sculpture_thing, uniq_donald
Snake:1:  layout_grid_maze, basic_altar, st_stairs_14, uniq_agnes, uniq_roxanne,
          uniq_jorgrun, uniq_kirke
Snake:2:  gammafunk_sealed_library, layout_gridlike
Snake:3:  layout_onion, st_stairs_1, minmay_shop_star
Snake:4:  grunt_snake_rune_spirals, layout_onion_interference, st_stairs_6,
          statue_in_the_mist_lemuel, uniq_vashnia
Orc:1:    layout_caves
Orc:2:    st_orc_rangers, layout_caves, serial_shops, shop, shop,
          kennysheep_orc_chapel
Elf:1:    layout_gridlike, minmay_elf_sorcery
Elf:2:    layout_loops_corners, kilobyte_mutagenic_chamber
Elf:3:    minmay_elf_hall_spiked, layout_onion_city

Skill      XL: |  1  2  3  4  5  6  7  8  9 10 11 12 13 14 15 16 17 18 19 20 |
---------------+-------------------------------------------------------------+-----
Spellcasting   | 5 6 7 8 9 10 11 12 13 14 | 14.3
Invocations    | 1 2 3 4 5 6 7 8 9 10 11 12 13 14 | 14.6
Short Blades   | 1 2 3 4 5 6 7 8 9 10 11 12 13 | 13.6
Long Blades    | 1 2 3 4 5 6 7 8 9 10 11 12 13 | 13.6
Maces & Flails | 1 2 3 4 5 6 7 8 9 10 11 12 13 | 13.6
Polearms       | 1 2 3 4 5 6 7 8 9 10 11 12 13 | 13.6
Staves         | 1 2 3 4 5 6 7 8 9 10 11 12 13 | 13.6
Slings         | 1 2 3 4 5 6 7 8 9 10 11 12 13 | 13.6
Bows           | 1 2 3 4 5 6 7 8 9 10 11 12 13 | 13.6
Crossbows      | 1 2 3 4 5 6 7 8 9 10 11 12 13 | 13.6
Stealth        | 1 2 3 4 5 6 7 8 9 10 11 12 13 | 13.6
Shields        | 1 2 3 4 5 6 7 8 9 10 11 12 13 | 13.6
Unarmed Combat | 1 2 3 4 5 6 7 8 9 10 11 12 13 | 13.6
Evocations     | 1 2 3 4 5 6 7 8 9 10 11 12 13 | 13.6
Conjurations   | 1 2 3 4 5 6 7 8 9 10 11 | 11.7
Hexes          | 1 2 3 4 5 6 7 8 9 10 11 | 11.7
Summonings     | 1 2 3 4 5 6 7 8 9 10 11 | 11.7
Necromancy     | 1 2 3 4 5 6 7 8 9 10 11 | 11.7
Transmutations | 1 2 3 4 5 6 7 8 9 10 11 | 11.7
Fire Magic     | 1 2 3 4 5 6 7 8 9 10 11 | 11.7
Ice Magic      | 1 2 3 4 5 6 7 8 9 10 11 | 11.7
Air Magic      | 1 2 3 4 5 6 7 8 9 10 11 | 11.7
Earth Magic    | 1 2 3 4 5 6 7 8 9 10 11 | 11.7
Poison Magic   | 1 2 3 4 5 6 7 8 9 10 11 | 11.7
Throwing       | 3 4 5 6 7 8 9 10 11 12 13 | 13.8
Armour         | 3 4 5 6 7 8 9 10 11 12 13 | 13.8
Fighting       | 5 6 7 8 9 10 11 12 13 14 | 14.2
Axes           | 5 6 7 8 9 10 11 12 13 14 | 14.2
Dodging        | 5 6 7 8 9 10 11 12 13 14 | 14.2
Translocations | 6 7 8 9 10 11 12 | 12.7

Action                   |  1- 3 |  4- 6 |  7- 9 | 10-12 | 13-15 | 16-18 | 19-21 || total
-------------------------+-------+-------+-------+-------+-------+-------+-------++-------
Melee: Hand axe          |   113 |   127 |    22 |       |       |       |       ||   262
       Bite              |     9 |    18 |    19 |    47 |    78 |   114 |    84 ||   369
       Punch             |       |     1 |       |    11 |     2 |       |       ||    14
       Eveningstar       |       |       |   215 |   392 |   589 |   868 |   618 ||  2682
       Spear             |       |       |    34 |     9 |       |       |       ||    43
       Unarmed           |       |       |       |       |       |     4 |       ||     4
 Fire: Hunting sling     |    11 |       |       |       |       |       |       ||    11
Throw: Dart              |     6 |    15 |    34 |     6 |    12 |       |    10 ||    83
       Boomerang         |       |       |       |       |       |    45 |    98 ||   143
 Cast: Gell's Gravitas   |     3 |     5 |    20 |     2 |     3 |    12 |    17 ||    62
       Blink             |     2 |     4 |       |     7 |     1 |     6 |     7 ||    27
       Wereblood         |       |       |     6 |    15 |     6 |     2 |     7 ||    36
       Summon Lightning  |       |       |       |     2 |    14 |    16 |    20 ||    52
       Ignite Poison     |       |       |       |       |    18 |    19 |    11 ||    48
       Olgreb's Toxic Ra |       |       |       |       |    20 |    18 |     8 ||    46
       Sticky Flame      |       |       |       |       |     7 |     2 |    14 ||    23
       Bolt of Magma     |       |       |       |       |       |    56 |    32 ||    88
Invok: Upheaval          |       |       |       |     1 |     1 |     2 |     1 ||     5
       Elemental Force   |       |       |       |       |       |     5 |     1 ||     6
Evoke: Wand              |       |       |     1 |     2 |     4 |     3 |     1 ||    11
       Box of beasts     |       |       |       |       |     1 |       |       ||     1
  Use: Scroll            |     2 |     5 |     7 |    12 |     9 |     9 |     9 ||    53
       Potion            |       |     1 |     5 |     5 |     3 |     6 |     1 ||    21
 Stab: Distracted        |       |       |       |     1 |     3 |     3 |     3 ||    10
Armor: Leather armour    |     5 |       |       |       |       |       |       ||     5
       Ring mail         |    27 |    50 |   104 |     1 |   109 |   306 |   109 ||   706
       Steam dragon scal |       |       |       |   149 |    89 |       |       ||   238
Dodge: Dodged            |    81 |    98 |   251 |   421 |   384 |   717 |   286 ||  2238
       Repelled          |       |       |       |     3 |     4 |    32 |    37 ||    76
Block: Other             |       |       |    85 |   247 |    29 |     4 |       ||   365
       Reflection        |       |       |     4 |    19 |    42 |   200 |   144 ||   409
       Buckler           |       |       |       |       |   628 |  1658 |   723 ||  3009
